 Dungeon Crawl Stone Soup version 0.19-a0-994-g3c636f0 (webtiles) character file.

4983 Gorice the Basher (level 10, -6/71 HPs)
             Began as a Demonspawn Air Elementalist on July 16, 2016.
             Was a High Priest of Okawaru.
             Killed from afar by a starcursed mass (8 damage)
             ... with an accursed screaming
             ... on level 1 of the Abyss.
             The game lasted 00:51:53 (10392 turns).

Gorice the Basher (Demonspawn Air Elementalist)    Turns: 10392, Time: 00:51:54

Health: -6/71      AC: 16    Str: 16    XL:     10   Next: 29%
Magic:  13/13      EV: 11    Int: 17    God:    Okawaru [*****.]
Gold:   330        SH:  4    Dex: 14    Spells: 3 memorised, 8 levels left

rFire  . . .     SeeInvis .     a - +1 whip (elec)
rCold  . . .     Gourm    .     w - +0 ring mail
rNeg   . . .     Faith    .     (no shield)
rPois  .         Spirit   .     (no helmet)
rElec  .         Dismiss  .     s - +0 cloak
rCorr  .         Reflect  +     F - +0 pair of gloves
SustAt .         Harm     .     (boots unavailable)
MR     +....                    H - +4 amulet of reflection
Stlth  +.........               U - +4 ring of protection
                                d - ring of protection from magic

@: mighty, about to teleport, repel missiles, somewhat resistant to hostile
enchantments, very unstealthy
A: talons 3, slimy green scales 2, powered by pain 1
a: Heroism, Finesse, Renounce Religion


You were on level 1 of the Abyss.
You worshipped Okawaru.
Okawaru was extremely pleased with you.
You were not hungry.

You visited 2 branches of the dungeon, and saw 10 of its levels.
You visited the Abyss 1 time.
You also visited: Sewer.

You collected 390 gold pieces.
You spent 60 gold pieces at shops.

Inventory:

Hand Weapons
 a - a +1 whip of electrocution (weapon)
   (You took it off a kobold on level 1 of the Dungeon)
 f - a +0 whip of flaming
   (You took it off Pikel on level 5 of the Dungeon)
 y - a +0 morningstar
 B - a +0 blowgun
 P - a +0 dire flail
Missiles
 k - 39 poisoned needles
 o - a tomahawk (quivered)
Armour
 e - a +1 robe
 i - a +0 chain mail
 s - a +0 cloak (worn)
 w - a +0 ring mail (worn)
 z - a +0 leather armour of poison resistance
   (You took it off an orc on level 4 of the Dungeon)
 F - a +0 pair of gloves (worn)
Magical Staves
 S - an uncursed staff of summoning
Jewellery
 d - a ring of protection from magic (left hand)
 l - a +2 ring of dexterity
 H - a +4 amulet of reflection (around neck)
 K - an uncursed ring of stealth
 T - an uncursed ring of sustain attributes
 U - a +4 ring of protection (right hand)
Wands
 N - a wand of slowing (20/48)
Scrolls
 q - 2 scrolls of teleportation {!r}
 t - 3 scrolls of enchant armour
 x - a scroll of enchant weapon
 E - 2 scrolls of remove curse
 M - a scroll of magic mapping {!r}
 R - a scroll of fog
Potions
 g - 4 potions of cancellation {!q}
 u - a potion of brilliance {!q}
 v - a potion of haste {!q}
 A - 3 potions of flight
 C - a potion of berserk rage
 D - a potion of magic {!q}
 G - 3 potions of heal wounds {!q}
 I - a potion of ambrosia
 L - 6 potions of curing
 X - a potion of degeneration {unknown}
Books
 b - a book of Air
 r - a book of Power
 V - a book of Beasts
 W - Buduakh's Guide on Displacement
   (You found it on level 8 of the Dungeon)

   Spells                             Type                      Level
   a - Blink                          Translocation                2
   b - Force Lance                    Conjuration/Translocation    4
   c - Warp Weapon                    Charms/Translocation         5
   d - Summon Forest                  Summoning/Translocation      5
Miscellaneous
 n - a lamp of fire
Comestibles
 c - 2 bread rations {!e}
 j - 2 slices of pizza
 m - 2 meat rations {!e}
 p - 2 beef jerkies
 Q - 7 fruits


   Skills:
 - Level 4.0 Fighting
 + Level 9.6 Maces & Flails
 + Level 9.2 Armour
 - Level 1.7 Dodging
 - Level 1.7 Stealth
 - Level 2.0 Spellcasting
 - Level 1.0 Conjurations
 - Level 2.6 Air Magic


You had 8 spell levels left.
You knew the following spells:

 Your Spells              Type           Power        Failure   Level  Hunger
a - Shock                 Conj/Air       #...         17%         1    #......
M - Repel Missiles        Chrm/Air       #.....       34%         2    ###....
S - Swiftness             Chrm/Air       #.......     34%         2    ###....


Dungeon Overview and Level Annotations

Branches:
Dungeon (9/15)             Temple (1/1) D:5
   Lair: D:8-11         Orc: D:9-12

Altars:
Ashenzari
Cheibriados
Dithmenos
Elyvilon
Fedhas
Gozag
Hepliaklqana
Kikubaaqudgha
Makhleb
Nemelex Xobeh
Okawaru
Pakellas
Qazlal
Ru
Sif Muna
Trog
Uskayaw
Vehumet
Xom
Yredelemnul
Zin
The Shining One

Shops:
D:8 *

Annotations:
D:9 Psyche


Innate Abilities, Weirdness & Mutations

You have claws for feet.
You are mostly covered in slimy green scales. (AC +3)
You sometimes gain a little power by taking damage.


Message History

A starcursed mass splits.
The starcursed mass shrieks in your mind.
Damage: 5 (max 5)
The vampire mumbles some strange words.
The vampire flickers and vanishes!
Deactivating autopickup; reactivate with Ctrl-A.
The raiju bites you but does no damage. The raiju completely misses you.
A starcursed mass splits.
A starcursed mass splits.
The raiju bursts into living lightning!
The living lightning hits you!
The raiju blinks!
A chorus of shrieks assaults your mind.
* * * LOW HITPOINT WARNING * * *
Damage: 20 (max 20) Really read
q - 3 scrolls of teleportation {!r}?
As you read the scroll of teleportation {!r}, it crumbles to dust.
You feel strangely unstable.
You feel the power of the Abyss delaying your translocation!
Unknown command.
The wraith disappears in a puff of smoke!
A chorus of shrieks assaults your mind.
* * * LOW HITPOINT WARNING * * *
Damage: 6 (max 20)
The raiju bursts into living lightning!
The living lightning hits you!
* * * LOW HITPOINT WARNING * * *
You focus on the pain.
You feel very mighty all of a sudden. The living lightning hits you!
* * * LOW HITPOINT WARNING * * *
The raiju blinks! x3
Damage: 24 (max 24) Unknown command.
Unknown command.
Unknown command.
Really quaff
G - 4 potions of heal wounds {!q}?
You feel much better.
The worldbinder hits you but does no damage. x2
The raiju bursts into living lightning!
The living lightning hits you!
* * * LOW HITPOINT WARNING * * *
The living lightning hits you!
* * * LOW HITPOINT WARNING * * *
You focus on the pain.
You feel mightier all of a sudden.
The raiju blinks! x3
The worldbinder hits you but does no damage.
The worldbinder closely misses you.
The starcursed mass shrieks in your mind.
You die...

. . #. . .# ###
....##..#.# #
######X.X..## # #
#.## #§xh###.#...#
#..
#.#..§.#@#X#.#...#
#.W...#§..###
.X.## #
#...§......# ....
#..##..####...####
#... ##.#.##.#.. #
...#. #.#...######
#*.. # ## ....#
..# # # #. ## . #
###


You could see a starcursed mass, a worldbinder and a raiju.

Vanquished Creatures
  Gastronok (D:9)
  Pikel (D:5)
  A hippogriff (D:7)
  3 orc warriors
  An ice beast (D:7)
  A sky beast (D:8)
  A necrophage (D:9)
  A phantom (D:6)
  2 ogres
  2 centaurs
  A big kobold (Sewer)
  2 giant frogs (D:6)
  3 scorpions (D:7)
  7 killer bees
  A centaur zombie (D:7)
  A giant frog zombie (D:7)
  6 crimson imps
  A quasit (D:4)
  A giant frog skeleton (D:7)
  2 orc priests
  2 hounds
  3 jellies (D:6)
  7 orc wizards
  An iguana (D:6)
  5 worker ants
  A hound zombie (D:5)
  9 gnolls
  5 adders
  2 shadow imps
  2 oozes
  2 adder skeletons
  8 worms
  3 dart slugs
  5 giant geckos
  28 orcs
  4 ball pythons
  12 bats
  8 giant cockroaches
  11 hobgoblins
  14 jackals
  A quokka (D:6)
  5 giant newts
  8 goblins
  13 kobolds
  11 rats
209 creatures vanquished.

Notes
Turn   | Place    | Note
-------+----------+-------------------------------------------
     0 | D:1      | Gorice the Demonspawn Air Elementalist began the quest for the Orb.
     0 | D:1      | Reached XP level 1. HP: 13/13 MP: 3/3
   123 | D:1      | Reached skill level 1 in Fighting
   334 | D:1      | Gained mutation: You have sharp toenails. [demonic ancestry]
   334 | D:1      | Reached XP level 2. HP: 18/21 MP: 1/5
   623 | D:1      | Reached skill level 2 in Fighting
   947 | D:1      | Gained mutation: You sometimes gain a little power by taking damage. [demonic ancestry]
   947 | D:1      | Reached XP level 3. HP: 28/28 MP: 2/6
  1037 | D:1      | Reached skill level 1 in Maces & Flails
  2049 | D:2      | Reached skill level 3 in Fighting
  2049 | D:2      | Gained mutation: You are partially covered in slimy green scales. (AC +2) [demonic ancestry]
  2049 | D:2      | Reached XP level 4. HP: 35/35 MP: 3/7
  2221 | D:2      | Learned a level 2 spell: Repel Missiles
  2241 | D:3      | Learned a level 2 spell: Swiftness
  2390 | D:3      | Reached skill level 2 in Maces & Flails
  2554 | D:3      | Noticed a centaur
  2563 | D:3      | Killed a centaur
  2563 | D:3      | Reached XP level 5. HP: 42/42 MP: 6/8
  2807 | D:3      | Reached skill level 4 in Fighting
  3211 | D:4      | Found a glowing drain.
  3219 | D:4      | Reached skill level 3 in Maces & Flails
  3311 | Sewer    | Entered a sewer
  3484 | Sewer    | Reached skill level 1 in Armour
  3484 | Sewer    | Reached XP level 6. HP: 34/48 MP: 7/9
  3514 | Sewer    | Found a white marble altar of Elyvilon.
  4149 | D:5      | Entered Level 5 of the Dungeon
  4153 | D:4      | Reached skill level 2 in Armour
  4217 | D:5      | Found a staircase to the Ecumenical Temple.
  4242 | Temple   | Entered the Ecumenical Temple
  4354 | Temple   | Became a worshipper of Warmaster Okawaru
  4847 | D:5      | Found a blossoming altar of Fedhas.
  4981 | D:5      | Reached skill level 4 in Maces & Flails
  5335 | D:5      | Reached skill level 3 in Armour
  5335 | D:5      | Gained mutation: You are mostly covered in slimy green scales. (AC +3) [demonic ancestry]
  5335 | D:5      | Reached XP level 7. HP: 48/54 MP: 3/10
  5567 | D:5      | Reached * piety under Okawaru
  5904 | D:6      | Reached skill level 5 in Maces & Flails
  5957 | D:6      | Reached skill level 4 in Armour
  6214 | D:6      | Gained mutation: You have razor-sharp toenails. [demonic ancestry]
  6214 | D:6      | Reached XP level 8. HP: 52/60 MP: 5/11
  6342 | D:6      | Noticed Pikel
  6409 | D:5      | Killed Pikel
  6409 | D:5      | Reached ** piety under Okawaru
  6409 | D:5      | Reached skill level 6 in Maces & Flails
  6409 | D:5      | Reached skill level 5 in Armour
  6668 | D:6      | Reached skill level 6 in Armour
  7021 | D:7      | Reached *** piety under Okawaru
  7201 | D:7      | Reached skill level 7 in Maces & Flails
  7527 | D:7      | Found a hide-covered altar of Uskayaw.
  7527 | D:7      | Found a burning altar of Makhleb.
  7528 | D:7      | Found a sacrificial altar of Ru.
  7532 | D:7      | Found a snail-covered altar of Cheibriados.
  7599 | D:7      | Gained mutation: You have claws for feet. [demonic ancestry]
  7599 | D:7      | Reached XP level 9. HP: 58/65 MP: 8/12
  7760 | D:7      | Reached skill level 7 in Armour
  8134 | D:7      | Reached **** piety under Okawaru
  8429 | D:8      | Reached skill level 8 in Maces & Flails
  8452 | D:8      | HP: 18/65 [killer bee (4)]
  8458 | D:8      | HP: 18/65 [killer bee (6)]
  9492 | D:8      | Identified Buduakh's Guide on Displacement
  9632 | D:8      | Found Zosing's Assorted Antiques.
  9635 | D:8      | Bought a scroll of identify for 60 gold pieces
  9862 | D:9      | Noticed Psyche
  9900 | D:9      | Reached skill level 8 in Armour
 10007 | D:9      | Found an oddly glowing altar of Pakellas.
 10123 | D:9      | Noticed Gastronok
 10155 | D:9      | Killed Gastronok
 10155 | D:9      | Reached ***** piety under Okawaru
 10155 | D:9      | Reached skill level 9 in Maces & Flails
 10155 | D:9      | Reached skill level 9 in Armour
 10155 | D:9      | Reached XP level 10. HP: 50/71 MP: 7/13
 10338 | D:9      | Cast into level 1 of the Abyss (Psyche)
 10375 | Abyss:1  | Noticed a worldbinder
 10378 | Abyss:1  | Noticed a wretched star
 10382 | Abyss:1  | Noticed a starcursed mass
 10391 | Abyss:1  | HP: 11/71 [raiju/living lightning (18)]
 10391 | Abyss:1  | HP: 5/71 [raiju/living lightning (6)]
 10392 | Abyss:1  | HP: 2/71 [raiju/living lightning (19)]
 10392 | Abyss:1  | Killed from afar by a starcursed mass

Vault maps used:
D:1:      evilmike_arrival_hilbert_curve
D:3:      first_bread
D:4:      portal_sewer_entry_a
D:5:      fedhas_altar_1
D:6:      bh_walls_and_bars, uniq_pikel
D:7:      minitemple
D:8:      serial_shops, shop, hangedman_decor_push
D:9:      minmay_blocky_corners, kennysheep_mini, uniq_gastronok, uniq_psyche
Temple:   minmay_crystal_spiral_temple
Sewer:    sewer_kobolds

Skill      XL: |  1  2  3  4  5  6  7  8  9 |
---------------+----------------------------+-----
Fighting       | 1 2 3 4 |  4.0
Maces & Flails | 1 2 3 4 5 7 9 |  9.6
Armour         | 1 3 4 6 9 |  9.2
Dodging        | |  1.7
Stealth        | |  1.7
Spellcasting   | |  2.0
Conjurations   | |  1.0
Air Magic      | |  2.6

Action                   |  1- 3 |  4- 6 |  7- 9 | 10-12 || total
-------------------------+-------+-------+-------+-------++-------
Melee: Whip              |    51 |   156 |   402 |     2 ||   611
       Kick              |     3 |    28 |   109 |       ||   140
       Punch             |       |       |     2 |       ||     2
Throw: Tomahawk          |       |       |     8 |       ||     8
 Cast: Shock             |    88 |   130 |   128 |     3 ||   349
       Repel Missiles    |       |     2 |     1 |       ||     3
Invok: Heroism           |       |       |     2 |     1 ||     3
Evoke: Wand              |       |       |     2 |     1 ||     3
  Use: Scroll            |     7 |     7 |     9 |     2 ||    25
       Potion            |       |       |     1 |     1 ||     2
 Stab: Sleeping          |     1 |     1 |     1 |       ||     3
  Eat: Chunk             |     5 |    13 |    15 |     1 ||    34
       Royal jelly       |       |       |     2 |       ||     2
Armor: Robe              |    18 |     4 |       |       ||    22
       Ring mail         |       |    57 |   115 |     7 ||   179
       Chain mail        |       |       |    16 |       ||    16
Dodge: Dodged            |    46 |    90 |   125 |     4 ||   265
       Deflected         |       |     4 |     1 |       ||     5
Block: Other             |       |     1 |    46 |     1 ||    48
       Reflection        |       |       |     1 |     1 ||     2

Table legend:
 A = Turns spent in this place as a percentage of turns spent in the entire game.
 B = Non-inter-level travel turns spent in this place as a percentage of non-inter-level travel turns spent in the entire game.
 C = Inter-level travel turns spent in this place as a percentage of turns spent in this place.
 D = Turns resting spent in this place as a percentage of non-inter-level travel turns spent in this place.
 E = Turns spent auto-exploring this place as a percentage of non-inter-level travel turns spent in this place.
 F = Non-inter-level travel turns spent in this place divided by the number of levels of this place that you've seen.
                   A       B       C       D       E      F
               +-------+-------+-------+-------+-------+----------------------
         Total | 100.0 | 100.0 |   0.3 |   4.4 |   6.5 | 307.1
       Dungeon |  92.3 |  92.3 |   0.3 |   4.7 |   6.8 | 377.9
        Temple |   2.1 |   2.0 |   2.6 |   0.0 |  12.0 |  75.0
         Abyss |   1.6 |   1.7 |   0.0 |   0.0 |   0.0 |  61.0
         Sewer |   4.0 |   4.0 |   0.0 |   2.7 |   0.0 | 148.0
               +-------+-------+-------+-------+-------+----------------------

Vault maps used:
D:1:      evilmike_arrival_hilbert_curve
D:3:      first_bread
D:4:      portal_sewer_entry_a
D:5:      fedhas_altar_1
D:6:      bh_walls_and_bars, uniq_pikel
D:7:      minitemple
D:8:      serial_shops, shop, hangedman_decor_push
D:9:      minmay_blocky_corners, kennysheep_mini, uniq_gastronok, uniq_psyche
Temple:   minmay_crystal_spiral_temple
Sewer:    sewer_kobolds
